[Event "FICS Team League T30"]
[Site "FICS, San Jose, California USA"]
[Date "2006.05.21"]
[Time "15:11:06"]
[Round "6"]
[White "Vzevolodovitch"]
[Black "danijelo"]
[WhiteElo "1679"]
[BlackElo "1845"]
[TimeControl "2700+45"]
[Mode "ICS"]
[Result "1-0"]

1. e4 c5 2. Nc3 Nc6 3. Nge2 d6 4. g3 g6 5. Bg2 Bg7 6. d3 e6 7. O-O Nge7
8. Be3 Nd4 9. Qd2 O-O 10. Nd1 Nxe2+ 11. Qxe2 b5 12. c3 Qc7 13. e5 d5 14. d4
c4 15. Bd2 a5 16. a4 Bd7 17. axb5 Rfb8 18. Bg5 Nc8 19. Ne3 Rxb5 20. Ng4
Rab8 21. Rfb1 Nb6 22. Nf6+ Kh8 23. Nxd7 Nxd7 24. Ra2 Rb3 25. Rba1 R8b5 26. Bc1
h5 27. h4 Kh7 28. f4 Nb8 29. g4 hxg4 30. Qxg4 Nc6 31. h5 gxh5 32. Qxh5+
Kg8 33. f5 exf5 34. Qxf5 Qb7 35. Qg4 Kf8 36. e6 f6 37. Bf4 Rxb2 38. Bd6+
Ne7 39. Qg6
{Black resigns} 1-0

[Event "FICS Team League T30"]
[Site "FICS, San Jose, California USA"]
[Date "2006.05.20"]
[Time "19:05:01"]
[Round "6"]
[White "Cilia"]
[Black "Niettajean"]
[WhiteElo "1638"]
[BlackElo "1510"]
[TimeControl "2700+45"]
[Mode "ICS"]
[Result "1-0"]

1. Nf3 d6 2. d4 b6 3. e4 Bb7 4. Bd3 e6 5. O-O Be7 6. c4 c5 7. d5 e5 8. Nc3
Nf6 9. h3 O-O 10. Nh2 Na6 11. a3 Nc7 12. f4 a6 13. fxe5 dxe5 14. Rf3 Bc8
15. Rg3 Re8 16. Nf3 Bd6 17. Nh4 g6 18. Nf5 Bxf5 19. exf5 Kh8 20. fxg6 fxg6
21. Bg5 Be7 22. Qc2 Rg8 23. Re1 Nh5 24. Bxe7 Qxe7 25. Rge3 Qd6 26. Ne4 Qd7
27. g4 Nf4 28. Nf6 Qf7 29. Nxg8 Rxg8 30. Rf1 Qf6 31. Qc3 Re8 32. Ref3 Kg8
33. Rxf4 Qg5 34. Re4 h5 35. Rfe1 hxg4 36. Rxg4 Qh5 37. Bxg6 Qxg4+ 38. hxg4
Re7 39. Rxe5 Rg7 40. Bh5 Kf8 41. Rf5+ Ke7 42. Qxg7+
{Black resigns} 1-0

[Event "FICS Team League T30"]
[Site "FICS, San Jose, California USA"]
[Date "2006.05.23"]
[Time "15:10:34"]
[Round "6"]
[White "Cadger"]
[Black "jestrada"]
[WhiteElo "1816"]
[BlackElo "1770"]
[TimeControl "2700+45"]
[Mode "ICS"]
[Result "1-0"]

1. e4 Nf6 2. e5 Nd5 3. d4 d6 4. Nf3 Bg4 5. Be2 Nc6 6. c3 dxe5 7. Nxe5 Nxe5
8. Bxg4 Nxg4 9. Qxg4 Nf6 10. Qf3 Qd5 11. Nd2 O-O-O 12. O-O e6 13. Re1 Be7
14. Qe3 Qh5 15. d5 Ng4 16. Qxa7 Qxh2+ 17. Kf1 Rxd5 18. Qa8+ Kd7 19. Qa4+
c6 20. Qxg4 Rg5 21. Qf3 Qh1+ 22. Ke2 Qxg2 23. Nc4 Qxf3+ 24. Kxf3 Rf5+ 25. Kg2
b5 26. Ne5+ Kc7 27. a4 Ra8 28. a5 Bd6 29. Nf3 b4 30. a6 Kb6 31. a7 b3 32. Nd4
Rh5 33. Nxb3 Rxa7 34. Be3+ c5 35. Nd2 Rxa1 36. Rxa1 Rh4 37. b4 Kb5 38. bxc5
Bxc5 39. Nf3 Rh5 40. Bxc5 Kxc5 41. Ra5+
{Black resigns} 1-0

[Event "FICS Team League T30"]
[Site "FICS, San Jose, California USA"]
[Date "2006.05.22"]
[Time "08:02:52"]
[Round "6"]
[White "zcomcon"]
[Black "pollock"]
[WhiteElo "1689"]
[BlackElo "1814"]
[TimeControl "2700+45"]
[Mode "ICS"]
[Result "0-1"]

1. e4 c5 2. c3 d5 3. exd5 Qxd5 4. d4 Nc6 5. dxc5 Qxd1+ 6. Kxd1 e5 7. Be3
f5 8. f3 Bd7 9. Nd2 O-O-O 10. Kc2 Nf6 11. Rd1 f4 12. Bf2 Bf5+ 13. Kc1 Rxd2
14. Rxd2 e4 15. Bd4 e3 16. Rd1 Nd7 17. Bd3 Be6 18. b3 Nxc5 19. Ne2 Nxd3+
20. Rxd3 Bf5 21. Rdd1 Ba3#
{White checkmated} 0-1

[Event "FICS Team League T30"]
[Site "FICS, San Jose, California USA"]
[Date "2006.05.20"]
[Round "6"]
[White "ymy"]
[Black "jwgoes"]
[Result "1-0"]
[WhiteElo "1814"]
[BlackElo "1856"]
[TimeControl "2700+45"]

1. e4 c5 2. Nf3 Nc6 3. d4 cxd4 4. Nxd4 Nf6 5. Nc3 e5 6. Ndb5 d6 7. Bg5 a6
8. Na3 b5 9. Nd5 Be7 10. Bxf6 Bxf6 11. c3 O-O 12. Nc2 Rb8 13. h4 Be6 14.
Nce3 a5 15. g4 Bxh4 16. Nf5 Bg5 17. Qf3 b4 18. Qh3 h6 19. Rd1 bxc3 20. Qxc3
Bxf5 21. gxf5 Nd4 22. Bc4 Rc8 23. b3 a4 24. Rd3 axb3 25. axb3 Ra8 26. Rdh3
Ra1+ 27. Qxa1 Nc2+ 28. Ke2 Nxa1 29. Rxa1 Qc8 30. Rg3 Qd7 31. Rh1 Rb8 32. f6
g6 33. Rxg5 hxg5 34. Ne7+ Kf8 35. Rh8#
{Black checkmated} 1-0

[Event "FICS Team League T30"]
[Site "FICS, San Jose, California USA"]
[Date "2006.05.21"]
[Time "07:54:48"]
[Round "6"]
[White "threeNT"]
[Black "torspo"]
[WhiteElo "1716"]
[BlackElo "1705"]
[TimeControl "2700+45"]
[Mode "ICS"]
[Result "0-1"]

1. e4 e5 2. Nf3 Nc6 3. Bb5 a6 4. Ba4 Nf6 5. O-O Be7 6. Re1 b5 7. Bb3 O-O
8. c3 d5 9. exd5 Nxd5 10. Nxe5 Nxe5 11. Rxe5 c6 12. d4 Bd6 13. Re1 Qh4 14. g3
Qh3 15. Be3 Bg4 16. Qd3 Rae8 17. Nd2 Re6 18. a4 f5 19. Qf1 Qh5 20. f4 Rh6
21. Qg2 Kh8 22. axb5 Nxe3 23. Rxe3 axb5 24. Ra7 g5 25. fxg5 Qxg5 26. Re1
f4 27. Nf3 Bxf3 28. Qxf3 fxg3 29. Rf7 gxh2+ 30. Kh1 Rg8 31. Rxh7+ Rxh7 32. Bxg8
Kxg8 33. Re8+ Kg7 34. Re1 Rh6 35. Qxc6 Rg6 36. Qd7+ Kg8
{White resigns} 0-1

[Event "FICS Team League T30"]
[Site "FICS, San Jose, California USA"]
[Date "2006.05.19"]
[Time "09:03:59"]
[Round "6"]
[White "scrow"]
[Black "Aul"]
[WhiteElo "1552"]
[BlackElo "1582"]
[TimeControl "2700+45"]
[Mode "ICS"]
[Result "0-1"]

1. f4 e6 2. Nf3 b6 3. e3 Bb7 4. Bd3 Nf6 5. O-O Nc6 6. b3 d5 7. Bb2 Qd7 8. Bb5
a6 9. Ne5 Qd6 10. Ba3 Qd8 11. Nxc6 Bxc6 12. Bxc6+ Nd7 13. Bxa8 Qxa8 14. Bxf8
Kxf8 15. d4 h5 16. Qf3 Nf6 17. Nd2 h4 18. h3 Qc8 19. c4 Rh6 20. f5 Rh5 21. fxe6
Qxe6 22. cxd5 Rxd5 23. Rac1 c5 24. Nc4 Ne4 25. Rc2 Ng3 26. Rd1 Kg8 27. dxc5
Rxd1+ 28. Qxd1 Qf6 29. cxb6 Qe7 30. Qf3 Qb4 31. Rd2 Qc3 32. Rd1 Qc2 33. b7
Ne2+ 34. Kh2 Qxd1 35. b8=N Qg1#
{White checkmated} 0-1

[Event "FICS Team League T30"]
[Site "FICS, San Jose, California USA"]
[Date "2006.05.20"]
[Time "22:08:02"]
[Round "6"]
[White "GadsHill"]
[Black "twotowers"]
[WhiteElo "1660"]
[BlackElo "1665"]
[TimeControl "2700+45"]
[Mode "ICS"]
[Result "1-0"]

1. d4 Nf6 2. c4 g6 3. Nc3 Bg7 4. e4 d6 5. Nf3 O-O 6. Be2 e5 7. d5 Na6 8. O-O
Nc5 9. Qc2 a5 10. Bg5 h6 11. Be3 Ng4 12. Bxc5 dxc5 13. h3 Nf6 14. Nxe5 Nxd5
15. cxd5 Bxe5 16. Na4 b6 17. Rad1 Qg5 18. Qd3 f5 19. d6 Bb7 20. dxc7 Bxc7
21. Qb3+ Kh8 22. Nxc5 Bxe4 23. Nxe4 fxe4 24. Qc3+ Be5 25. Qb3 Qf4 26. g3
Qf6 27. Qe3 Bxb2 28. Qxh6+ Kg8 29. Bc4+ Rf7 30. Rd7 Rf8 31. Rxf7 Rxf7 32. Bxf7+
Qxf7 33. Rd1 Bg7 34. Qd2 Kh7 35. Rb1 Qc7 36. Qe2 Qb7 37. Qb5 Bd4 38. Rd1
Qg7 39. Qd5 Bc5 40. Qd7 e3 41. Qxg7+ Kxg7 42. fxe3 Bxe3+ 43. Kf1 Bc5 44. a4
Kf6 45. Kg2 Ke6 46. Kf3 Kf5 47. h4 Kf6 48. g4 g5 49. h5 Ke5
{Black resigns} 1-0

[Event "FICS Team League T30"]
[Site "FICS, San Jose, California USA"]
[Date "2006.05.20"]
[Time "19:02:31"]
[Round "6"]
[White "RFFISCHER"]
[Black "Armunn"]
[WhiteElo "1575"]
[BlackElo "1614"]
[TimeControl "2700+45"]
[Mode "ICS"]
[Result "1-0"]

1. e4 e6 2. d4 d5 3. e5 c5 4. c3 Nc6 5. Nf3 cxd4 6. cxd4 Qb6 7. Bd3 Nxd4
8. Nxd4 Bc5 9. Bb5+ Bd7 10. Bxd7+ Kxd7 11. Qa4+ Ke7 12. Be3 f6 13. exf6+
Nxf6 14. O-O Ng4 15. Bg5+ Kd6 16. Nb5+ Kd7 17. Qxg4 Qxb5 18. Nc3 Qxb2 19. Ne2
Qb6 20. Bh4 a6 21. Qxg7+ Kc6 22. Rac1 Kb5 23. Rb1+ Bb4 24. a3
{Black resigns} 1-0

[Event "FICS Team League T30"]
[Site "FICS, San Jose, California USA"]
[Date "2006.05.24"]
[Time "09:05:45"]
[Round "6"]
[White "Eshin"]
[Black "clarinetref"]
[WhiteElo "1616"]
[BlackElo "1597"]
[TimeControl "2700+45"]
[Mode "ICS"]
[Result "1-0"]

1. e4 d6 2. d4 Nf6 3. Nc3 g6 4. Nf3 Bg7 5. Bc4 O-O 6. Bf4 c6 7. Bb3 b5 8. a3
Qa5 9. O-O b4 10. axb4 Qxb4 11. Ra4 Qb6 12. Qd2 Rd8 13. Bh6 Bh8 14. Ng5
e6 15. Kh1 Ng4 16. Nf3 Nxh6 17. Qxh6 Bg7 18. Qh4 h6 19. Rb4 Qc7 20. Re1
a5 21. Ra4 Bd7 22. Ra3 Na6 23. e5 d5 24. Ne2 c5 25. c3 Rdb8 26. Rb1 Qd8
27. Qxd8+ Rxd8 28. Rxa5 Rdb8 29. Ba4 Bxa4 30. Rxa4 f6 31. b4 cxb4 32. cxb4
fxe5 33. Nxe5 Bxe5 34. dxe5 Kf7 35. Rba1 Nc7 36. Ra7 Rxa7 37. Rxa7 Rc8 38. b5
Kf8 39. b6 Nb5 40. Ra5 Nc3 41. b7 Rc7 42. b8=Q+
{Black resigns} 1-0

[Event "FICS Team League T30"]
[Site "FICS, San Jose, California USA"]
[Date "2006.05.21"]
[Time "04:07:19"]
[Round "6"]
[White "xplan"]
[Black "NovoLook"]
[WhiteElo "1602"]
[BlackElo "1499"]
[TimeControl "2700+45"]
[Mode "ICS"]
[Result "1-0"]

1. e4 c5 2. Nf3 d6 3. d4 cxd4 4. Nxd4 Nf6 5. Nc3 a6 6. Bc4 e6 7. O-O Be7
8. Re1 Nc6 9. Nxc6 bxc6 10. Bb3 d5 11. exd5 cxd5 12. Qf3 O-O 13. Bg5 Qc7
14. Qg3 Re8 15. Bh6 g6 16. Bf4 Qd8 17. Bc7 Nh5 18. Bxd8 Nxg3 19. Bxe7 Rxe7
20. hxg3 Raa7 21. Ne2 Reb7 22. Nd4 Bd7 23. c4 Rb4 24. Nc2 Rb6 25. cxd5 exd5
26. Bxd5 Rxb2 27. Bb3 Be6 28. Rab1 Rxb1 29. Rxb1 Bf5 30. Rd1 Rc7 31. Nd4
Be4 32. Nf3 Bxf3 33. gxf3 Kg7 34. Rd6 Ra7 35. Kg2 a5 36. a4 Rb7 37. Bd5
Rb4 38. Bc6 Rb6 39. f4 Kh6 40. f5 Ra6 41. g4 Kg5 42. Kg3 gxf5 43. gxf5 f6
44. f4+
{Black resigns} 1-0

[Event "FICS Team League T30"]
[Site "FICS, San Jose, California USA"]
[Date "2006.05.22"]
[Time "11:57:54"]
[Round "6"]
[White "OldFlyer"]
[Black "fidelian"]
[WhiteElo "1463"]
[BlackElo "1479"]
[TimeControl "2700+45"]
[Mode "ICS"]
[Result "1-0"]

1. d4 e6 2. e4 Nc6 3. Nc3 a6 4. Nf3 Bb4 5. Bd2 Nge7 6. Bd3 Bxc3 7. Bxc3
d5 8. O-O b5 9. Bd2 Bb7 10. c3 Qd7 11. b4 Ng6 12. Re1 O-O-O 13. a4 bxa4
14. Rxa4 Nb8 15. e5 Qc6 16. Qa1 h6 17. Ra5 Qb6 18. Rb1 Ne7 19. b5 Qa7 20. bxa6
Bxa6 21. Ne1 Nec6 22. Ra3 Kd7 23. Bb5 Ke7 24. Bxc6
{Black resigns} 1-0

[Event "FICS Team League T30"]
[Site "FICS, San Jose, California USA"]
[Date "2006.05.18"]
[Time "13:59:32"]
[Round "6"]
[White "MStav"]
[Black "TryAnything"]
[WhiteElo "1709"]
[BlackElo "1637"]
[TimeControl "2700+45"]
[Mode "ICS"]
[Result "0-1"]

1. d4 d5 2. f4 Nf6 3. Nf3 e6 4. e3 c5 5. c3 Nc6 6. Bd3 Bd7 7. O-O Ne4 8. Nbd2
Nxd2 9. Bxd2 f5 10. Be1 Be7 11. Ne5 Nxe5 12. fxe5 g6 13. Bg3 Qb6 14. Qb3
Qc6 15. Qd1 O-O-O 16. b3 h5 17. a4 a6 18. Qe2 h4 19. Bf2 g5 20. c4 g4 21. g3
hxg3 22. Bxg3 Rh3 23. Qg2 Rdh8 24. cxd5 exd5 25. Bxf5 Bxf5 26. Rxf5 Qh6
27. Bf4 Qg6 28. Rf6 Bxf6 29. exf6 g3 30. hxg3 Qe4 31. Ra2 Qb1+ 32. Qf1 Rh1+
{White resigns} 0-1

[Event "FICS Team League T30"]
[Site "FICS, San Jose, California USA"]
[Date "2006.05.19"]
[Time "19:58:55"]
[Round "6"]
[White "Woodchuck"]
[Black "bsdc"]
[WhiteElo "1641"]
[BlackElo "1628"]
[TimeControl "2700+45"]
[Mode "ICS"]
[Result "0-1"]

1. d4 d5 2. c4 Nf6 3. Nc3 Bf5 4. e3 e6 5. Bd3 Bxd3 6. Qxd3 Bb4 7. a3 Bxc3+
8. bxc3 Nc6 9. cxd5 Qxd5 10. Nf3 O-O 11. O-O e5 12. c4 Qd6 13. Qd1 exd4
14. exd4 Rad8 15. Bb2 Rfe8 16. Qc2 h6 17. Rad1 b6 18. Ne5 Nb8 19. Qb3 Nfd7
20. Qf3 Nxe5 21. dxe5 Qc6 22. Qg4 Rxd1 23. Rxd1 Qg6 24. Qxg6 fxg6 25. f4
Kf7 26. g4 Ke6 27. Kf2 Nc6 28. Ke3 Rd8 29. Rc1 Na5 30. Ke4 Rf8 31. c5 Nb3
32. Rc4 Nd2+
{White resigns} 0-1

[Event "FICS Team League T30"]
[Site "FICS, San Jose, California USA"]
[Date "2006.05.18"]
[Time "17:51:05"]
[Round "6"]
[White "jgrfilho"]
[Black "GBate"]
[WhiteElo "1487"]
[BlackElo "1579"]
[TimeControl "2700+45"]
[Mode "ICS"]
[Result "0-1"]

1. e4 c5 2. Nc3 d6 3. Nf3 Nf6 4. Bc4 g6 5. d3 Bg7 6. Be3 O-O 7. Qd2 Nc6
8. Bh6 Bd7 9. Bxg7 Kxg7 10. O-O Na5 11. e5 dxe5 12. Nxe5 Nxc4 13. dxc4 Be6
14. Rad1 Qxd2 15. Rxd2 Rfd8 16. Rfd1 Rxd2 17. Rxd2 Rc8 18. f3 Kf8 19. a3
Ke8 20. Ne2 Nd7 21. Nxd7 Bxd7 22. Nf4 Rd8 23. c3 Bc6 24. Nd5 Bxd5 25. Rxd5
Rxd5 26. cxd5 Kd7 27. c4 Kd6 28. Kf2 Ke5 29. Ke3 f5 30. f4+ Kd6 31. b4 b6
32. b5 e6 33. dxe6 Kxe6 34. g3 Kf6 35. h4 h6 36. Kf3 g5 37. h5 gxf4 38. Kxf4
Ke6 39. a4 Kf6 40. g4 fxg4 41. Kxg4 Ke5 42. Kf3 Kd4 43. Ke2 Kxc4 44. Kd2
Kb3 45. Kc1 Kxa4 46. Kc2 Kxb5 47. Kb3 c4+ 48. Kc3 Kc5
{White resigns} 0-1

[Event "FICS Team League T30"]
[Site "FICS, San Jose, California USA"]
[Date "2006.05.20"]
[Time "07:50:44"]
[Round "6"]
[White "chessviktor"]
[Black "OroAzul"]
[WhiteElo "1539"]
[BlackElo "1425"]
[TimeControl "2700+45"]
[Mode "ICS"]
[Result "1-0"]
 
1. e4 e6 2. d4 d5 3. Nc3 Bb4 4. exd5 exd5 5. Bd2 c5 6. dxc5 Bxc5 7. Nf3
Nf6 8. Bb5+ Nc6 9. O-O O-O 10. h3 d4 11. Na4 Qd5 12. Nxc5 Qxc5 13. Bd3 b6
14. a3 Re8 15. c3 dxc3 16. Bxc3 Re6 17. Rc1 Qe7 18. Ng5 Rd6 19. Qf3 Bb7
20. Qg3 a5 21. Nxh7 Nh5 22. Qg4 Rxd3 23. Qxh5 Nd4 24. Bxd4 Rxd4 25. Rfe1
Qd6 26. Ng5 Qg6 27. Qxg6 fxg6 28. Ne6 Kf7 29. Nxd4
{Black resigns} 1-0

[Event "FICS Team League T30"]
[Site "FICS, San Jose, California USA"]
[Date "2006.05.21"]
[Time "06:21:50"]
[Round "6"]
[White "Cilia"]
[Black "alfreale"]
[WhiteElo "1645"]
[BlackElo "1452"]
[TimeControl "2700+45"]
[Mode "ICS"]
[Result "0-1"]
 
1. c4 e5 2. Nc3 Bb4 3. Nd5 Bc5 4. a3 c6 5. Nc3 d5 6. e3 Nf6 7. b4 Bd6 8. cxd5
cxd5 9. Bb2 O-O 10. Be2 Re8 11. Nf3 d4 12. Nb5 Qb6 13. O-O Bg4 14. exd4
Bxf3 15. Nxd6 Bxe2 16. Qxe2 Qxd6 17. dxe5 Qe6 18. Qb5 Nd5 19. d4 b6 20. Rac1
a6 21. Qd3 b5 22. f4 f5 23. Bc3 Nd7 24. Rc2 Rec8 25. Rfc1 Rc4 26. Bd2 Rac8
27. Rxc4 Rxc4 28. Rxc4 bxc4 29. Qxc4 Kf7 30. a4 Nf8 31. b5 axb5 32. Qxb5
Qd7 33. Qc4 Ne6 34. a5 Ndc7 35. g3 Qxd4+ 36. Qxd4 Nxd4 37. Kf2 Ke6 38. Ke3
Kd5 39. Kd3 Nf3 40. Bb4 Nxh2 41. Bd6 Na6 42. Bf8 g6 43. e6 Kxe6 44. Kc4
Kd7 45. Kb5 Nc7+ 46. Kb6 Nd5+ 47. Kb7 Nc7 48. Bg7 Nf3 49. Bh6 Nd2 50. Bg7
Ne4 51. Be5 Nd6+ 52. Kb8 Kc6 53. Bc3 Na6+ 54. Ka7 Kb5 55. Be1 h5 56. Bd2
Nc4
{White resigns} 0-1

[Event "FICS Team League T30"] 
[Site "FICS, San Jose, California USA"] 
[Date "2006.05.20"] 
[Time "06:05:44"] 
[Round "6"] 
[White "KlassAct"] 
[Black "backrankmate"] 
[WhiteElo "1422"] 
[BlackElo "1502"] 
[TimeControl "2700+45"] 
[Mode "ICS"] 
[Result "1-0"] 

1. e4 e6 2. Nf3 d5 3. exd5 exd5 4. d4 Nf6 5. Nc3 Be7 6. Bd3 O-O 7. O-O Be6 
8. h3 Nbd7 9. Bf4 c6 10. a3 Nb6 11. Re1 Nh5 12. Bh2 Bd6 13. Ne5 f6 14. Qxh5 
g6 15. Nxg6 
{Black resigns} 1-0

[Event "FICS Team League T30"]
[Site "FICS, San Jose, California USA"]
[Date "2006.05.20"]
[Time "14:00:02"]
[Round "6"]
[White "OldFlyer"]
[Black "KlassAct"]
[WhiteElo "1465"]
[BlackElo "1432"]
[TimeControl "2700+45"]
[Mode "ICS"]
[Result "1/2-1/2"]

1. d4 d5 2. e4 dxe4 3. Nc3 Nf6 4. f3 e6 5. Nxe4 Nxe4 6. fxe4 Qh4+ 7. Ke2
Qxe4+ 8. Be3 e5 9. c3 Bg4+ 10. Nf3 Bd6 11. Kf2 O-O 12. Bd3 Bxf3 13. gxf3
Qh4+ 14. Kg2 exd4 15. Bxd4 Nd7 16. Be4 Qg5+ 17. Kf1 Qb5+ 18. Qe2 Qxe2+ 
Qh4+ 19. Kxe2
Be5 20. Bf5 Bxd4 21. cxd4 Nf6 22. Rac1 Rfe8+ 23. Kf2 Re7 24. Rhe1 Rae8 25. Bd3 Nd5 26. Bc4 Nf4 27. Rxe7 Rxe7 28. Rd1 c6 29. Kg3 g5 30. h4 h6 31. hxg5 hxg5 32. Kg4 Nd5 33. Kxg5 Kf8 34. Bxd5 cxd5 35. Rd2 Re6 36. Rc2 Re7 37. Rc8+ Kg7 38. Rc2 f6+ 39. Kf4 Kf7 {Game drawn by mutual agreement} 1/2-1/2

[Event "FICS Team League T30"]
[Site "FICS, San Jose, California USA"]
[Date "2006.05.21"]
[Time "11:07:17"]
[Round "6"]
[White "OroAzul"]
[Black "rsanchez"]
[WhiteElo "1409"]
[BlackElo "1450"]
[TimeControl "2700+45"]
[Mode "ICS"]
[Result "1-0"]

1. d4 Nf6 2. c4 e6 3. Nc3 Bb4 4. Qc2 O-O 5. Nf3 c5 6. e3 cxd4 7. exd4 Nc6
8. Bd3 d5 9. c5 Re8 10. O-O Bd7 11. Bg5 h6 12. Bh4 a6 13. h3 Bxc3 14. Qxc3
a5 15. a3 Rb8 16. b4 Ra8 17. b5 Nb8 18. Ne5 Rf8 19. c6 bxc6 20. bxc6 Qc8
21. Bb5 Be8 22. Bxf6 gxf6 23. Qg3+ Kh7 24. Bd3+ f5 25. Ng4 Rg8 26. Nf6+
{Black resigns} 1-0

[Event "FICS Team League T30"]
[Site "FICS, San Jose, California USA"]
[Date "2006.05.20"]
[Time "11:04:02"]
[Round "6"]
[White "EyeAm"]
[Black "ahorse"]
[WhiteElo "1396"]
[BlackElo "1572"]
[TimeControl "2700+45"]
[Mode "ICS"]
[Result "1/2-1/2"]

1. e4 c6 2. d4 d5 3. exd5 cxd5 4. c4 Nf6 5. Nc3 e6 6. c5 Nc6 7. Bg5 Be7
8. Bb5 a6 9. Bxc6+ bxc6 10. Nf3 Nd7 11. Bxe7 Qxe7 12. O-O O-O 13. b4 a5
14. a3 axb4 15. axb4 Rxa1 16. Qxa1 e5 17. Re1 Re8 18. Qa4 Qf6 19. dxe5 Nxe5
20. Nxe5 Rxe5 21. Rxe5 Qxe5 22. Kf1 Qxc3 23. Qxc6 Qa1+ 24. Ke2 Qa6+ 25. Qxa6
Bxa6+ 26. Ke3 Kf8 27. Kd4 Ke7 28. Kxd5 Kd7 29. c6+ Kc7 30. Kc5 Bf1 31. g3
g5 32. b5 Bg2 33. b6+ Kb8 34. Kd6 h5 35. Kd7 Bh3+ 36. Kd8 Be6 37. b7 g4
38. Ke7 Kc7 39. Kf6 Bd5 40. Kg5 Bxc6 41. Kxh5 Bd7 42. Kg5 Kxb7 43. Kf4 Kc6
44. f3
{Game drawn by mutual agreement} 1/2-1/2

[Event "FICS Team League T30"]
[Site "FICS, San Jose, California USA"]
[Date "2006.05.22"]
[Time "19:53:31"]
[Round "6"]
[White "RHankinsJr"]
[Black "blkmagic"]
[WhiteElo "1316"]
[BlackElo "1196"]
[TimeControl "2700+45"]
[Mode "ICS"]
[Result "1-0"]

1. e4 c5 2. d4 cxd4 3. Qxd4 Nc6 4. Qd3 e5 5. Nc3 Nf6 6. Bg5 Be7 7. Nf3 d6
8. Be2 h6 9. Bxf6 Bxf6 10. Nd5 O-O 11. O-O Be6 12. Nxf6+ Qxf6 13. Qxd6 Rad8
14. Qa3 Qg6 15. Qe3 Bh3 16. Nh4 Qd6 17. Qxh3 Qd2 18. Bd3 Nd4 19. Rad1 Ne2+
20. Kh1 Qb4 21. Bxe2 Qxb2 22. Qb3 Qxb3 23. axb3 Rc8 24. c4 b6 25. Rd5 f6
26. Nf5 Rcd8 27. Rfd1 Rc8
{Black resigns} 1-0

[Event "FICS Team League T30"]
[Site "FICS, San Jose, California USA"]
[Date "2006.05.20"]
[Time "19:08:07"]
[Round "6"]
[White "fidelian"]
[Black "chesstalker"]
[WhiteElo "1488"]
[BlackElo "1455"]
[TimeControl "2700+45"]
[Mode "ICS"]
[Result "0-1"]
 
1. e4 e5 2. Nf3 d6 3. Be2 Nf6 4. Nc3 g6 5. d3 Bg7 6. Bg5 c6 7. Bxf6 Bxf6
8. O-O Be6 9. Nd2 d5 10. Bg4 Bxg4 11. Qxg4 Nd7 12. Nf3 Bg7 13. Ne2 Nf6 14. Qg3
Nh5 15. Qg4 Nf6 16. Qg3 Nh5 17. Qg4 Qf6 18. c3 Rd8 19. Ng3 Qf4 20. Qxf4
Nxf4 21. Rad1 O-O 22. Rfe1 Rfe8 23. Nd2 Nxd3 24. Re2 Nxb2 25. Nb3 Nxd1
{White resigns} 0-1

[Event "FICS Team League T30"]
[Site "FICS, San Jose, California USA"]
[Date "2006.05.18"]
[Time "21:12:53"]
[Round "6"]
[White "BoboVieri"]
[Black "gracey"]
[WhiteElo "2043"]
[BlackElo "2056"]
[TimeControl "2700+45"]
[Mode "ICS"]
[Result "1-0"]

1. e4 e5 2. Nf3 Nc6 3. d4 exd4 4. c3 dxc3 5. Bc4 cxb2 6. Bxb2 d6 7. Qb3
Qd7 8. Ng5 Nh6 9. Bd5 Qg4 10. Nxf7 Nxf7 11. Bxf7+ Ke7 12. O-O Na5 13. Qb5
Kxf7 14. Qxa5 c6 15. f4 Qe2 16. Nd2 Qe3+ 17. Rf2 Kg8 18. f5 b6 19. Qa4 b5
20. Qc2 Bb7 21. f6 gxf6 22. Bxf6 h5 23. Bxh8 Kxh8 24. Rf1 Bg7 25. Kh1 Rb8
26. Rf7 Ba8 27. e5 dxe5 28. Qg6 Qh6 29. Rxg7 Qxg7 30. Qxh5+ Kg8 31. Rf5
Rf8 32. Rg5
{Black resigns} 1-0

[Event "FICS Team League T30"]
[Site "FICS, San Jose, California USA"]
[Date "2006.05.26"]
[Time "13:04:28"]
[Round "6"]
[White "ccaseiro"]
[Black "noordinaryrabbit"]
[WhiteElo "1647"]
[BlackElo "1686"]
[TimeControl "2700+45"]
[Mode "ICS"]
[Result "0-1"]

1. e4 c5 2. Nf3 d6 3. d4 cxd4 4. Nxd4 Nf6 5. Nc3 a6 6. f3 e5 7. Nb3 Be6
8. Be3 d5 9. Bc5 Bxc5 10. Nxc5 d4 11. Nxe6 fxe6 12. Nb1 Nbd7 13. Nd2 Rc8
14. Nc4 Qe7 15. Bd3 Rxc4 16. Bxc4 Qb4+ 17. c3 Qxc4 18. cxd4 exd4 19. a3
Nc5 20. Qe2 d3 21. Qe3 d2+ 22. Kf2 Nd3+ 23. Ke2 Nc1+ 24. Kd1 O-O 25. h4
Rc8
{White resigns} 0-1

[Event "FICS Team League T30"]
[Site "FICS, San Jose, California USA"]
[Date "2006.05.27"]
[Time "08:00:42"]
[Round "6"]
[White "dzonson"]
[Black "lodda"]
[WhiteElo "1823"]
[BlackElo "1891"]
[TimeControl "2700+45"]
[Mode "ICS"]
[Result "1/2-1/2"]

1. d4 Nf6 2. Nf3 d5 3. c4 e6 4. Bg5 Be7 5. e3 O-O 6. Bd3 h6 7. Bf4 c5 8. O-O
Nc6 9. Nc3 cxd4 10. exd4 dxc4 11. Bxc4 Qb6 12. Qd2 Rd8 13. Rad1 Nd5
{Game drawn by mutual agreement} 1/2-1/2

[Event "FICS Team League T30"]
[Site "FICS, San Jose, California USA"]
[Date "2006.05.27"]
[Time "13:02:55"]
[Round "6"]
[White "TryAnything"]
[Black "GadsHill"]
[WhiteElo "1664"]
[BlackElo "1673"]
[TimeControl "2700+45"]
[Mode "ICS"]
[Result "1-0"]

1. e4 d6 2. d4 Nf6 3. Nc3 Nbd7 4. Nf3 e5 5. Bc4 Be7 6. O-O O-O 7. a3 c6
8. b4 b5 9. Ba2 Bb7 10. Re1 a6 11. Be3 Qc7 12. Qd2 c5 13. dxc5 dxc5 14. Nd5
Nxd5 15. Bxd5 Bxd5 16. Qxd5 cxb4 17. axb4 Bxb4 18. Red1 Bc3 19. Ra2 Nf6
20. Qc5 Qxc5 21. Bxc5 Rfc8 22. Be3 Nxe4 23. g3 f6 24. Rd7 a5 25. Rb7 b4
26. Ba7 Nd6 27. Rd7 Nc4 28. Kf1 Na3 29. Bb6 Rc6 30. Bd8 Rc4 31. Bb6 Re4
32. Rd5 a4 33. Bc5 Nxc2 34. Rxc2 b3 35. Rxc3 b2 36. Rd1 Rb8 37. Rb1
{Black resigns} 1-0

[Event "FICS Team League T30"]
[Site "FICS, San Jose, California USA"]
[Date "2006.05.28"]
[Time "04:59:20"]
[Round "6"]
[White "TGV"]
[Black "DreadPirateJosh"]
[WhiteElo "1759"]
[BlackElo "1683"]
[TimeControl "2700+45"]
[Mode "ICS"]
[Result "0-1"]

1. d4 d5 2. c4 e6 3. Nc3 Nf6 4. Nf3 Nbd7 5. e3 a6 6. Bd3 dxc4 7. Bxc4 b5
8. Bd3 Bb7 9. O-O c5 10. dxc5 Bxc5 11. Nd2 O-O 12. Nde4 Qc7 13. Nxc5 Nxc5
14. Bc2 Rfd8 15. Qe2 Rd7 16. e4 Rd4 17. Be3 Rd7 18. f3 Rad8 19. Rfd1 e5
20. Bg5 Qb6 21. Kf1 h6 22. Be3 Qc7 23. Rac1 Ne6 24. Bb3 Nd4 25. Bxd4 exd4
26. Nd5 Qxh2 27. Nxf6+ gxf6 28. Qd3 h5 29. Kf2 Qe5 30. Rc2 Kh8 31. Rdc1
Rg8 32. Qd2 Kh7 33. Rc5 Qh2 34. Kf1 Qh1+
{White resigns} 0-1